 Dungeon Crawl Stone Soup version 0.26-a0-738-g91b530ce93 (webtiles) character file.

Game seed: 1101737281703758441

1 Descartes the Sneak (level 1, -1/10 HPs)
             Began as a Felid Delver on Nov 5, 2020.
             Slain by an adder zombie (2 damage)
             ... in an ossuary.
             The game lasted 00:00:35 (56 turns).

Descartes the Sneak (Felid Delver)                    Turns: 56, Time: 00:00:36

Health: -1/10      AC:  1    Str:  8    XL:     1   Next: 16%
Magic:  2/2        EV: 18    Int: 11    God:
Gold:   0          SH:  0    Dex: 17    Spells: 0/0 levels left
                                        Lives:  0   Deaths: 0

rFire    . . .     SeeInvis +     - Unarmed
rCold    . . .     Faith    .   (shield unavailable)
rNeg     . . .     Spirit   .   (armour unavailable)
rPois    .         Reflect  .   (helmet unavailable)
rElec    .         Harm     .   (cloak unavailable)
rCorr    .         Rampage  .   (gloves unavailable)
MR       .....                  (boots unavailable)
Stlth    ++++......             (no amulet)
HPRegen  0.03/turn              (no ring)
MPRegen  0.08/turn              (no ring)

@: quick
A: very small, no armour, no weapons or thrown items, stealth, claws 1, fangs 3,
see invisible, speed 1, shaggy fur 1, sharp paws
a: no special abilities


You were in an ossuary.
You visited 1 branch of the dungeon, and saw 2 of its levels.
You also visited: Ossuary.

Inventory:

Wands
 e - a wand of digging (3)
Scrolls
 a - a scroll of fog
 b - a scroll of magic mapping
 c - a scroll of fear
 f - a scroll of identify {unknown}
Potions
 d - a potion of haste


   Skills:
 - Level 3.0 Fighting
 - Level 2.6 Dodging
 + Level 6.7 Stealth
 - Level 2.0 Unarmed Combat


You couldn't memorise any spells.
You didn't know any spells.
Your spell library was empty.

Dungeon Overview and Level Annotations

Branches:
Dungeon (5/15)            Ossuary (1/1)
 Temple: D:4-7

Altars:


Innate Abilities, Weirdness & Mutations

You cannot wear armour.
You are incapable of wielding weapons or throwing items.
Your paws allow you to move quietly. (Stealth)
You have sharp claws.
You have razor-sharp teeth.
You have supernaturally acute eyesight. (SInv)
You cover ground quickly.
You are covered in fur. (AC +1)
Your sharp claws are effective at attacking unaware monsters.


Message History

An arrow hits the kobold zombie!
There is an open door here.
You closely miss the adder zombie.
The adder zombie is heavily damaged.
The adder zombie bites you.
* * * LOW HITPOINT WARNING * * *
You closely miss the adder zombie.
The adder zombie is heavily damaged.
An arrow misses the adder zombie!
The adder zombie misses you.
You scratch the adder zombie.
The adder zombie is severely damaged.
The adder zombie misses you.
You closely miss the adder zombie.
The adder zombie is severely damaged.
The adder zombie bites you.
* * * LOW HITPOINT WARNING * * *
You scratch the adder zombie.
The adder zombie is almost destroyed.
The adder zombie bites you.
You die...

#...# #..Z#
#...# .Z.
##'## #^^^#
#### #####.^^#
#!!?!#...#Z.^#
+!)/?#.∩@ZZ^^#
#!??!#...#..∩#
#### #########


You could see 2 adder zombies and a kobold zombie.

Vanquished Creatures
  A kobold zombie (Ossuary)
  An orc zombie (Ossuary)
2 creatures vanquished.

Notes
Turn   | Place    | Note
-------+----------+-------------------------------------------
     0 | D:5      | Descartes the Felid Delver began the quest for the Orb.
     0 | D:5      | Reached XP level 1. HP: 10/10 MP: 2/2
    24 | D:4      | Found a sand-covered staircase.
    32 | Ossuary  | Entered an ossuary
    56 | Ossuary  | Slain by an adder zombie

Illustrated notes

Levels and vault maps discovered:
D:4:      layout_rooms, old_standard_altar, dancing_weapons_uskayaw,
          lightli_ossuary_entry_decrepit_ruins, serial_shops, shop_fountains,
          minmay_misc_feat_plants, chequers_mini_garden,
          hangedman_decor_diamond_cutter, bloody_makhleb
D:5:      layout_gridville, nicolae_ru_the_path_less_chosen
Ossuary:  ossuary_tomb_2

Action                   || total
-------------------------++-------
Melee: Unarmed           ||    10
       Bite              ||     1
 Stab: Sleeping          ||     2
Dodge: Dodged            ||     3

Table legend: (Time is in decaauts)
 A = Elapsed time spent in this place.
 B = Non-inter-level travel time spent in this place.
 C = Inter-level travel time spent in this place.
 D = Time resting spent in this place.
 E = Time spent auto-exploring this place.
 F = Levels seen in this place.
 G = Mean time per level.
                   A        B        C        D        E       F      G
               +--------+--------+--------+--------+--------+-----+--------+
         Total |     47 |     47 |      0 |      0 |     15 |   3 |   15.7 |
       Dungeon |     26 |     26 |      0 |      0 |     14 |   2 |   13.0 |
       Ossuary |     21 |     21 |      0 |      0 |      1 |   1 |   21.0 |
               +--------+--------+--------+--------+--------+-----+--------+

Top non-repeatable levels by time:
 Ossuary: 21 daAuts
     D:5: 19 daAuts
     D:4: 6 daAuts
